 Dungeon Crawl Stone Soup version 0.24-a0-312-g16217b4 (webtiles) character file.

Game seed: 15640860248163708196

203 MaxwellSilver the Cutter (level 5, -7/47 HPs)
             Began as a Minotaur Fighter on May 15, 2019.
             Killed from afar by Grinder (10 damage)
             ... with a puff of flame
             ... on level 3 of the Dungeon.
             The game lasted 00:08:43 (2020 turns).

MaxwellSilver the Cutter (Minotaur Fighter)         Turns: 2020, Time: 00:08:44

Health: -7/47      AC: 10    Str: 24 (26) XL:     5   Next: 51%
Magic:  4/4        EV:  5    Int:  3 (5)  God:
Gold:   121        SH:  9    Dex:  9 (10) Spells: 4/4 levels left

rFire    . . .     SeeInvis .   a - +0 rapier
rCold    . . .     Gourm    .   c - +0 shield
rNeg     . . .     Faith    +   j - +0 chain mail
rPois    .         Spirit   .   (helmet restricted)
rElec    .         Reflect  .   (no cloak)
rCorr    .         Harm     .   r - +0 pair of gloves
MR       .....                  (no boots)
Stlth    ..........             e - amulet of faith
HPRegen  0.15/turn              (no ring)
MPRegen  0.09/turn              (no ring)

@: mighty, flying
A: retaliatory headbutt, horns 2
a: no special abilities


You were on level 3 of the Dungeon.
You were hungry.

You visited 1 branch of the dungeon, and saw 3 of its levels.

You collected 121 gold pieces.

Inventory:

Hand Weapons
 a - a +0 rapier (weapon)
Armour
 b - a +0 scale mail
 c - a +0 shield (worn)
 j - a +0 chain mail (worn)
 r - a +0 pair of gloves (worn)
Jewellery
 e - an amulet of faith (around neck)
Scrolls
 g - 6 scrolls of identify {unknown}
 h - a scroll of enchant weapon {unknown}
 i - 3 scrolls of remove curse {unknown}
 k - 3 scrolls of fear {unknown}
 l - a scroll of enchant armour {unknown}
 s - a scroll of teleportation {unknown}
Potions
 d - a potion of might
 m - a potion of flight
 n - a potion of magic {unknown}
 o - a potion of curing {unknown}
 p - a potion of haste {unknown}
Comestibles
 f - 3 rations


   Skills:
 + Level 4.6 Fighting
 + Level 5.8 Short Blades
 - Level 3.6 Armour
 - Level 3.6 Shields


You had 4 spell levels left.
You didn't know any spells.
Your spell library was empty.

Dungeon Overview and Level Annotations

Branches:
Dungeon (3/15)

Altars:

Annotations:
D:3 Grinder


Innate Abilities, Weirdness & Mutations

You reflexively headbutt those who attack you in melee.
You have a pair of horns on your head.


Message History

Grinder is heavily wounded.
Grinder zaps a wand.
The puff of flame hits you.
* * * LOW HITPOINT WARNING * * *
You closely miss Grinder.
Grinder is moderately wounded.
You block Grinder's attack.
You hit Grinder. You headbutt Grinder!
Grinder is almost dead.
Grinder hits you.
* * * LOW HITPOINT WARNING * * *
You writhe in agony.
* * * LOW HITPOINT WARNING * * *
It was a potion of flight.
You feel very buoyant.
You fly up into the air.
Grinder hits you but does no damage.
It was a potion of degeneration.
There was something very wrong with that liquid.
You feel weakened.
You feel dopey.
You feel clumsy.
Grinder zaps a wand.
The puff of flame hits you!
You die...

#......##....###...#....
#.>....'................
#......##....###...#.###
#.....##....#.....#.##
#..............#..##
###.......##.....#....
#...................##
#..##...#..###........
#. #@..#..# #....#... #
#5..#.........#...
o####.#....##.#... ..
..... ...... ... .....
..^... .... .... ##.#...
.>... ##. ...... #.. #..


You could see Grinder and an orc.

Vanquished Creatures
  An orc priest (D:3)
  2 orc wizards
  4 gnolls
  A worm (D:2)
  A leopard gecko (D:2)
  9 orcs (D:3)
  3 giant cockroaches
  11 goblins
  7 hobgoblins
  14 kobolds
  A quokka (D:3)
  3 bats
  7 frilled lizards
  7 rats
71 creatures vanquished.

Notes
Turn   | Place    | Note
-------+----------+-------------------------------------------
     0 | D:1      | MaxwellSilver the Minotaur Fighter began the quest for the
                  | Orb.
     0 | D:1      | Reached XP level 1. HP: 19/19 MP: 0/0
    89 | D:2      | Reached skill level 3 in Short Blades
   153 | D:2      | Reached XP level 2. HP: 22/26 MP: 1/1
   340 | D:1      | Reached skill level 4 in Short Blades
   340 | D:1      | Reached XP level 3. HP: 22/31 MP: 2/2
   818 | D:1      | Reached XP level 4. HP: 39/39 MP: 3/3
  1136 | D:2      | Reached skill level 5 in Short Blades
  1297 | D:3      | Noticed Grinder
  1298 | D:3      | Paralysed by Grinder for 4 turns
  1321 | D:2      | Found a faded altar of an unknown god.
  1592 | D:2      | Reached XP level 5. HP: 16/46 MP: 4/4
  2007 | D:3      | Paralysed by Grinder for 5 turns
  2020 | D:3      | Killed from afar by Grinder

Levels and vault maps discovered:
D:1:      dpeg_arrival_prison, layout_basic, kennysheep_another_room,
          nrook_uturn, minmay_misc_feat_pillars, minmay_pentomino_o4
D:2:      layout_rooms, first_ration, chequers_ecumenical_altar_island
D:3:      layout_basic, tgw_fedhas, roderic_three_in_a_row,
          nicolae_underground_beach, uniq_grinder

Skill      XL: |  1  2  3  4 |
---------------+-------------+-----
Short Blades   | 3 4 5 |  5.8
Fighting       | 4 |  4.6
Armour         | |  3.6
Shields        | |  3.6

Action                   |  1- 3 |  4- 6 || total
-------------------------+-------+-------++-------
Melee: Rapier            |    78 |    98 ||   176
       Headbutt          |     3 |    21 ||    24
  Use: Potion            |       |     3 ||     3
  Eat: Chunk             |       |     3 ||     3
Armor: Scale mail        |    10 |       ||    10
       Chain mail        |    20 |    51 ||    71
Dodge: Dodged            |    10 |    14 ||    24
Block: Shield            |    37 |    53 ||    90

Table legend:
 A = Non-vault XP
 B = Vault XP
 C = Vault XP percentage of total XP
 D = Non-vault monster count
 E = Vault monster count
 F = Vault count percentage of total count
                 A         B        C        D         E       F
            +---------+---------+-------+---------+---------+-------
      Total |     286 |       5 |   1.7 |      67 |       4 |   5.6
            +---------+---------+-------+---------+---------+-------
        D:1 |      68 |       5 |   6.8 |      20 |       4 |  16.7
        D:2 |      93 |       0 |   0.0 |      23 |       0 |   0.0
        D:3 |     125 |       0 |   0.0 |      24 |       0 |   0.0
            +---------+---------+-------+---------+---------+-------
